 Dungeon Crawl Stone Soup version 0.27-a0-3-gcf006a40f5 (webtiles) character file.

Game seed: 5102341180988196513

277 tsouns the Grave Robber (level 6, -3/35 HPs)
             Began as a Vampire Necromancer on Jan 1, 2021.
             Was an Initiate of Dithmenos.
             Slain by an orc
             ... wielding a +0 mace
              (9 damage)
             ... on level 3 of the Dungeon.
             The game lasted 00:09:40 (3142 turns).

tsouns the Grave Robber (Vampire Necromancer)       Turns: 3142, Time: 00:09:40

Health: -3/35      AC:  3    Str:  7    XL:     6   Next: 4%
Magic:  1/10       EV: 13    Int: 19    God:    Dithmenos [......]
Gold:   173        SH:  0    Dex: 15    Spells: 2/11 levels left

rFire    . . .     SeeInvis +     - Unarmed
rCold    + + .     Faith    .   (no shield)
rNeg     + + +     Spirit   .   a - +0 robe
rPois    ∞         Reflect  .   (no helmet)
rElec    .         Harm     .   (no cloak)
rCorr    .         Rampage  .   (no gloves)
Will     .....                  h - +0 pair of boots
Stlth    +++++.....             (no amulet)
HPRegen  0.00/turn              (no ring)
MPRegen  0.12/turn              (no ring)

@: about to teleport, bloodless
A: fangs 3, see invisible, unbreathing
a: Bat Form, Revivify, Renounce Religion


You were on level 3 of the Dungeon.
You worshipped Dithmenos.
Dithmenos was noncommittal.
You visited 1 branch of the dungeon, and saw 4 of its levels.

You collected 173 gold pieces.

Inventory:

Hand Weapons
 k - a +2 scythe of protection
 l - a +0 bardiche
Missiles
 c - 3 curare-tipped darts
Armour
 a - a +0 robe (worn)
 h - a +0 pair of boots (worn)
Wands
 i - a wand of disintegration (12)
 j - a wand of polymorph (7)
Scrolls
 e - 2 scrolls of remove curse
Potions
 b - a potion of cancellation
 d - a potion of lignification {unknown}
 g - a potion of haste
 n - a potion of might {unknown}
 p - a potion of ambrosia {unknown}


   Skills:
 + Level 2.2 Fighting
 - Level 2.1 Dodging
 + Level 5.1 Stealth
 + Level 2.6 Unarmed Combat
 + Level 3.1 Spellcasting
 + Level 5.3 Necromancy


You had 2 spell levels left.
You knew the following spells:

 Your Spells              Type           Power        Failure   Level
a - Pain                  Necr           92%          1%          1
b - Animate Skeleton      Necr           46%          1%          1
c - Vampiric Draining     Necr           11%          4%          3
d - Animate Dead          Necr           11%          17%         4

Your spell library contained the following spells:

 Spells                   Type           Power        Failure   Level
 Agony                    Necr           23%          43%         5


Dungeon Overview and Level Annotations

Branches:
Dungeon (4/15)
 Temple: D:4-7

Altars:
Cheibriados
Dithmenos
Elyvilon
Okawaru
Zin


Innate Abilities, Weirdness & Mutations

You do not regenerate when monsters are visible.
You are frail without blood (-20% HP).
You can heal yourself when you bite living creatures.
You are immune to poison.
You have razor-sharp teeth.
You have supernaturally acute eyesight. (SInv)
You can survive without breathing.


Message History

The orc is heavily wounded.
You closely miss the orc.
The orc is heavily wounded.
The orc barely misses you. The orc closely misses you.
You hit the orc but do no damage.
The orc is heavily wounded.
The orc closely misses you. The orc barely misses you.
You completely miss the orc. Your bite misses the orc.
The orc is heavily wounded.
The orc misses you. The orc hits you with a +0 mace.
You hit the orc.
The orc is severely wounded.
The orc hits you with a +0 flail. The orc hits you with a +0 mace.
You hit the orc but do no damage.
The orc is severely wounded.
The orc hits you with a +0 flail!
* * * LOW HITPOINT WARNING * * *
As you read the scroll of teleportation, it crumbles to dust.
You feel strangely unstable. The orc hits you with a +0 mace!
You die...

.....# #.# #.#.## #...#####.###.
####.###.###.#)# #...# #.....
..##...........# #...# #####.
#.######.###.#######...#########.
#.# #.# #.# #.................
#.######.###.###.###.............
#......^..............###########
############.########.#
#...o@o....# ############


You could see 2 orcs.

Vanquished Creatures
  Sigmund (D:2)
  An orc wizard (D:4)
  4 adders
  A dart slug (D:3)
  2 leopard geckos (D:2)
  5 bats
  3 giant cockroaches (D:1)
  9 goblins
  5 hobgoblins (D:1)
  2 jackals (D:4)
  11 kobolds
  A quokka (D:3)
  5 frilled lizards
  7 rats
57 creatures vanquished.

Vanquished Creatures (collateral kills)
  A ball python (D:1)
1 creature vanquished.

Grand Total: 58 creatures vanquished

Notes
Turn   | Place    | Note
-------+----------+-------------------------------------------
     0 | D:1      | tsouns the Vampire Necromancer began the quest for the Orb.
     0 | D:1      | Reached XP level 1. HP: 13/13 MP: 3/3
    12 | D:1      | Noticed a rime drake
    13 | D:1      | Noticed a black bear
    13 | D:1      | Noticed a hound
    82 | D:1      | Learned a level 1 spell: Animate Skeleton
   354 | D:1      | Reached XP level 2. HP: 16/16 MP: 3/5
   573 | D:1      | Reached skill level 1 in Unarmed Combat
   781 | D:1      | Reached XP level 3. HP: 10/20 MP: 0/6
  1494 | D:2      | Reached skill level 1 in Fighting
  1570 | D:2      | Found a white marble altar of Elyvilon.
  1708 | D:2      | Noticed Sigmund
  1713 | D:2      | Killed Sigmund
  1714 | D:2      | Reached skill level 5 in Necromancy
  1714 | D:2      | Reached XP level 4. HP: 9/26 MP: 4/8
  1714 | D:2      | Reached XP level 5. HP: 11/30 MP: 4/9
  1918 | D:2      | Found a snail-covered altar of Cheibriados.
  1918 | D:2      | Found a shadowy altar of Dithmenos.
  1919 | D:2      | Found an iron altar of Okawaru.
  1926 | D:2      | Became a worshipper of Dithmenos the Shadowed
  2167 | D:2      | Found a glowing silver altar of Zin.
  2525 | D:3      | Learned a level 3 spell: Vampiric Draining
  2530 | D:3      | Learned a level 4 spell: Animate Dead
  2767 | D:3      | Reached skill level 5 in Stealth
  3129 | D:4      | Reached XP level 6. HP: 27/35 MP: 2/10
  3142 | D:3      | Slain by an orc

Illustrated notes

Levels and vault maps discovered:
D:1:      onia_arrival_zoo_common, layout_loops_ring
D:2:      layout_rooms, gammafunk_temple_overflow_claw, zin_scriptorium,
          elyvilon_altar_3, minmay_hexomino_f4, uniq_sigmund
D:3:      layout_loops_ring
D:4:      layout_basic, nicolae_tso_swordbearing_angel,
          gammafunk_ghost_mausoleum, serial_shops, nicolae_shop_trees,
          minmay_lizard_king

Skill      XL: |  1  2  3  4  5 |
---------------+----------------+-----
Unarmed Combat | 1 2 |  2.6
Fighting       | 2 |  2.2
Stealth        | 4 5 |  5.1
Spellcasting   | 3 |  3.1
Necromancy     | 5 |  5.3
Dodging        | |  2.1

Action                   |  1- 3 |  4- 6 || total
-------------------------+-------+-------++-------
Melee: Unarmed           |     9 |     6 ||    15
Throw: Dart              |     3 |       ||     3
 Cast: Pain              |    57 |    41 ||    98
       Animate Skeleton  |    18 |     6 ||    24
 Abil: Exsanguinate      |     1 |       ||     1
Evoke: Wand              |       |     1 ||     1
  Use: Scroll            |       |     7 ||     7
Armor: Robe              |     2 |     5 ||     7
Dodge: Dodged            |    12 |    14 ||    26

Table legend: (Time is in decaauts)
 A = Elapsed time spent in this place.
 B = Non-inter-level travel time spent in this place.
 C = Inter-level travel time spent in this place.
 D = Time resting spent in this place.
 E = Time spent auto-exploring this place.
 F = Levels seen in this place.
 G = Mean time per level.
                   A        B        C        D        E       F      G
               +--------+--------+--------+--------+--------+-----+--------+
         Total |   3144 |   3065 |     79 |      0 |   2638 |   4 |  786.0 |
       Dungeon |   3144 |   3065 |     79 |      0 |   2638 |   4 |  786.0 |
               +--------+--------+--------+--------+--------+-----+--------+

Top non-repeatable levels by time:
     D:1: 1334 daAuts
     D:2: 992 daAuts
     D:3: 741 daAuts
     D:4: 76 daAuts
